cohdb
Replays
Latest Replays
All Replays
Popular Replays
Top Player Replays
Match Explorer
How It Works
Community
CoH3 Stats
Reddit
Sign in to upload your games and track your stats! →
Sign in with Steam
Match 43758645
Unlisted
Match 43758645
Overview
Messages
Build Orders
End
Vickers Machine Gun Team
Construct Section Command Post
Infantry Section
Infantry Section
Construct Field Infirmary
Selects Indian Artillery Battlegroup
Infantry Section
Grenade Package
Construct Platoon Command Post
Selects Valour
Selects Gurkha Rifles Section
Gurkha Rifles Section
Unlock M3 Stuart Light Tanks
M3 Stuart Light Tank
Selects Volunteer Infantry
M3 Stuart Light Tank
M3 Stuart Light Tank
ßoo
HORUS
0
0
Comments
sign in to comment!
No comments posted yet!